Map: Base du roi Sejong EC

Players

Raka - Winner!

  • Race: Protoss Protoss
  • League: Platinum
  • Spawn Location: 11:00

zidar

  • Race: Zerg Zerg
  • League: Platinum
  • Spawn Location: 5:00

VOD

Have the link to the VOD?

Description

Time

  • Played on: Nov. 19, 2016, 10:47 a.m.
  • Length: 6:39
Show
View Real Time Build Order
Export as new Build Order

Raka Protoss - Winner!

Build Orders: Mass Adepts 

Get SALT Encoding   

  12  0:01  Probe (Chrono Boost)  
  13  0:12  Probe (Chrono Boost)  
  14  0:19  Pylon  
  14  0:22  Probe (Chrono Boost)  
  15  0:38  Probe (Chrono Boost)  
  15  0:39  Gateway  
  16  0:47  Assimilator  
  16  0:50  Probe (Chrono Boost)  
  17  1:01  Probe (Chrono Boost), Assimilator  
  18  1:11  Probe (Chrono Boost)  
  19  1:22  Probe (Chrono Boost)  
  20  1:28  Cybernetics Core  
  21  1:32  Probe (Chrono Boost)  
  21  1:43  Probe (Chrono Boost)  
  22  1:53  Probe (Chrono Boost)  
  23  2:04  Probe (Chrono Boost)  
  23  2:06  Pylon  
  23  2:08  Warp Gate (Chrono Boost)  
  23  2:15  Twilight Council  
  23  2:26  Adept  
  25  2:32  Gateway  
  25  2:35  Gateway  
  25  2:37  Pylon  
  25  2:52  Resonating Glaives (Chrono Boost)  
  25  3:00  Mothership Core  
  25  3:04  Adept  
  29  3:21  Nexus  
  29  3:24  Pylon  
  29  3:29  Adept  
  31  3:37  Adept  
  33  4:04  Gateway  
  33  4:07  Robotics Facility  
  33  4:35  Adept x3  
  33  4:56  Adept x3  
  39  5:00  Adept  
  39  5:01  Observer  
  42  5:09  Pylon  
  42  5:19  Adept x2  
  42  5:20  Adept  
  48  5:21  Pylon  
  48  5:44  Adept x3  
  50  6:15  Adept x4  
  52  6:25  Probe  
  52  6:27  Probe  
  50  6:38  Stalker x2  
Show
View Real Time Build Order
Export as new Build Order

zidar Zerg 

Build Orders: Pool First 

Get SALT Encoding   

  12  0:02  Drone  
  13  0:12  Overlord  
  13  0:17  Drone  
  14  0:30  Drone x2  
  16  0:41  Spawning Pool  
  15  0:48  Drone  
  16  1:09  Hatchery  
  15  1:13  Drone  
  15  1:16  Extractor  
  15  1:18  Drone  
  16  1:37  Zergling x6  
  19  1:45  Queen  
  21  1:49  Zergling x2  
  22  2:12  Overlord  
  22  2:20  Queen  
  24  2:29  Zergling x6  
  27  2:45  Zergling x6  
  27  2:46  Zergling x2  
  27  2:47  Metabolic Boost  
  30  3:05  Roach Warren  
  29  3:10  Zergling x4  
  31  3:14  Zergling x2  
  32  3:25  Overlord  
  32  3:39  Drone x3  
  35  3:56  Drone x3  
  38  4:07  Extractor  
  38  4:09  Drone x2  
  39  4:10  Drone  
  27  4:44  Zergling x20  
  36  4:54  Drone x3  
  36  4:59  Roach  
  41  5:13  Roach  
  43  5:31  Overlord x3  
  31  5:55  Roach  
  31  5:56  Roach x7  
  43  6:08  Roach x2  
  43  6:09  Roach  
Tags
 
Add a new tag
Caveats
  • Supply blocks, unpowered buildings, or Contaminate may cause inaccurate times.
  • Supply counts are checked every 10 seconds.